 Dungeon Crawl Stone Soup version 0.23.2-33-g5129a83184 (webtiles) character file.

Game seed: 3970558291317296828

59 Kold the Conjurer (level 3, 0/26 HPs)
             Began as a Draconian Conjurer on July 16, 2019.
             Killed from afar by an orc wizard (6 damage)
             ... with a magic dart
             ... on level 3 of the Dungeon.
             The game lasted 00:03:38 (2186 turns).

Kold the Conjurer (Draconian Conjurer)              Turns: 2186, Time: 00:03:39

Health: 0/26       AC:  5    Str: 10    XL:     3   Next: 78%
Magic:  0/7        EV: 12    Int: 16    God:
Gold:   126        SH:  0    Dex: 11    Spells: 6/7 levels left

rFire    . . .     SeeInvis .   j - +0 dagger (speed)
rCold    . . .     Gourm    .   (no shield)
rNeg     . . .     Faith    .   (armour unavailable)
rPois    .         Spirit   .   (helmet restricted)
rElec    .         Reflect  .   (no cloak)
rCorr    .         Harm     .   (no gloves)
MR       .....                  (no boots)
Stlth    ++........             (no amulet)
HPRegen  0.08/turn              (no ring)
MPRegen  0.10/turn              (no ring)

@: no status effects
A: unfitting armour, cold-blooded, AC +5
a: no special abilities


You were on level 3 of the Dungeon.
You were hungry.

You visited 1 branch of the dungeon, and saw 3 of its levels.

You collected 126 gold pieces.

Inventory:

Hand Weapons
 j - a +0 dagger of speed (weapon)
 o - a +1 short sword of venom
Armour
 e - a +0 cloak
Scrolls
 a - a scroll of fog {unknown}
 d - 4 scrolls of identify {unknown}
 g - a scroll of teleportation {unknown}
Potions
 c - a potion of mutation {unknown}
 f - a potion of might {unknown}
 h - a potion of flight {unknown}
 i - a potion of curing {unknown}
 k - a potion of agility {unknown}
 l - a potion of haste {unknown}
 n - a potion of cancellation {unknown}
Comestibles
 b - 3 rations
 m - 5 chunks of flesh


   Skills:
 - Level 2.0 Dodging
 - Level 2.0 Stealth
 + Level 2.9 Spellcasting
 + Level 4.7 Conjurations


You had 6 spell levels left.
You knew the following spells:

 Your Spells              Type           Power        Failure   Level  Hunger
a - Magic Dart            Conj           ###.         2%          1    #......

Your spell library contained the following spells:

 Spells                   Type           Power        Failure   Level  Hunger
 Searing Ray              Conj           ###...       4%          2    ##.....
 Dazzling Spray           Conj/Hex       #.....       22%         3    ###....
 Iskenderun's Mystic Bla  Conj           ###.....     26%         4    #####..
 Force Lance              Conj/Tloc      #.......     56%         4    #####..
 Fulminant Prism          Conj/Hex       #.........   56%         4    #####..


Dungeon Overview and Level Annotations

Branches:
Dungeon (3/15)

Altars:


Innate Abilities, Weirdness & Mutations

Your plain brown scales are hard. (AC +5)
You cannot fit into any form of body armour.
You are cold-blooded and may be slowed by cold attacks.


Message History

The orc wizard casts a spell at you. The puff of frost hits you.
You closely miss the orc wizard.
The orc wizard is severely wounded.
The orc wizard hits you with a cursed -2 dagger.
* * * LOW HITPOINT WARNING * * *
The orc shouts!
You hit the orc wizard but do no damage.
The orc wizard is severely wounded.
The orc wizard casts a cantrip, but nothing happens.
You barely miss the orc wizard.
The orc wizard is severely wounded.
The orc wizard casts a spell at you. The puff of flame hits you.
* * * LOW HITPOINT WARNING * * *
You hit the orc wizard.
The orc wizard is almost dead.
The orc wizard points at you and mumbles some strange words.
The magic dart hits you.
You die...

#'# . #.# .. #.# #.. #o#
.. #.#.#####.##
#.#.o.o<...#
#.#..o.g...# .
#o#.###..### ... #@#
....
.....#.################
..........)[.......<....
#.#.###.##...###########
####...# .....+ ###...#
....+ ##...#


You could see an orc wizard and an orc.

Vanquished Creatures
  An adder (D:2)
  2 dart slugs (D:1)
  A leopard gecko (D:1)
  2 orcs (D:3)
  7 bats
  4 giant cockroaches
  4 hobgoblins
  3 kobolds (D:1)
  2 ball pythons
  10 frilled lizards
  4 goblins (D:1)
  2 rats (D:1)
42 creatures vanquished.

Notes
Turn   | Place    | Note
-------+----------+-------------------------------------------
     0 | D:1      | Kold the Draconian Conjurer began the quest for the Orb.
     0 | D:1      | Reached XP level 1. HP: 14/14 MP: 3/3
   117 | D:1      | Reached XP level 2. HP: 18/20 MP: 0/5
   618 | D:1      | Reached XP level 3. HP: 24/26 MP: 0/6
  1344 | D:2      | Found a faded altar of an unknown god.
  2186 | D:3      | Killed from afar by an orc wizard

Skill      XL: |  1  2 |
---------------+-------+-----
Stealth        | 2 |  2.0
Dodging        | 2 |  2.0
Spellcasting   | |  2.9
Conjurations   | |  4.7

Action                   || total
-------------------------++-------
Melee: Unarmed           ||    10
       Short sword       ||    11
       Tailslap          ||     4
       Dagger            ||    26
 Cast: Magic Dart        ||    76
  Eat: Chunk             ||     4
Armor: Skin              ||    21
Dodge: Dodged            ||    49
